 Dungeon Crawl Stone Soup version 0.32-a0-599-gba8f9cf90e (webtiles) character file.

Game seed: 5277752876198407530

3460 gimp the Cleaver (level 9, -1/65 (81) HPs)
             Began as an Armataur Berserker on Mar 3, 2024.
             Was a Priest of Trog.
             Slain by Maurice
             ... wielding a +4 dagger of draining
              (2 damage)
             ... on level 7 of the Dungeon.
             The game lasted 00:10:07 (6377 turns).

gimp the Cleaver (Armataur Berserker)               Turns: 6377, Time: 00:10:08

HP:   -1/65 (81)    AC: 11    Str: 28 (29) XL:     9   Next: 78%
MP:   2/9           EV:  9    Int:  5 (7)  God:    Trog [***...]
Gold: 0             SH:  0    Dex: 19 (21) Spells: 8/8 levels left

rFire   . . .        b - +7 hammer of the Heart {freeze, rPois Dex+2}
rCold   . . .        (no shield)
rNeg    . . .        m - +0 ring mail {Will+}
rPois   +            w - +1 helmet "Piggue" {Str+5}
rElec   .            k - +1 cloak
rCorr   .            c - +0 pair of gloves
SInv    .            (no barding)
Will    ++...        (no amulet)
Stlth   +            i - ring of willpower
HPRegen 0.30/turn    y - +6 ring of dexterity
MPRegen 0.11/turn

%: roll
@: on berserk cooldown, slowed, heavily drained, very slow
A: large, deformed body, tough skin 3, armoured tail, roll 2
a: Renounce Religion, Berserk, Trog's Hand


You were on level 7 of the Dungeon.
You worshipped Trog.
Trog was most pleased with you.
You visited 1 branch of the dungeon, and saw 7 of its levels.

You collected 228 gold pieces.
You spent 228 gold pieces at shops.

Inventory:

Hand Weapons
 a - a +0 war axe
 b - the +7 hammer of the Heart (weapon) {freeze, rPois Dex+2}
   (You found it on level 2 of the Dungeon)

   Dex+2:     It affects your dexterity (+2).
   rPois:     It protects you from poison.
 u - a +1 whip of electrocution
Armour
 c - a +0 pair of gloves (worn)
 j - a +0 chain mail
 k - a +1 cloak (worn)
 m - a +0 ring mail of willpower (worn)
 w - the +1 helmet "Piggue" (worn) {Str+5}
   (You bought it in a shop on level 6 of the Dungeon)

   Str+5:     It affects your strength (+5).
Jewellery
 i - a ring of willpower (left hand)
 y - a +6 ring of dexterity (right hand)
Scrolls
 d - 3 scrolls of immolation {unknown}
 e - 2 scrolls of identify
 f - a scroll of fog {unknown}
 l - a scroll of revelation {unknown}
 r - 3 scrolls of teleportation
 s - a scroll of vulnerability {unknown}
 v - a scroll of brand weapon {unknown}
 x - 3 scrolls of noise {unknown}
 z - a scroll of blinking {unknown}
 A - a scroll of poison {unknown}
Potions
 g - a potion of invisibility {unknown}
 p - a potion of enlightenment {unknown}
 q - a potion of might {unknown}
 t - a potion of curing {unknown}
 C - a potion of heal wounds {unknown}


   Skills:
 + Level 8.0 Fighting
 * Level 9.9 Axes
 - Level 2.4 Armour
 - Level 1.3 Dodging


You had 8 spell levels left.
You didn't know any spells.
Your spell library was empty.

Dungeon Overview and Level Annotations

Branches:
Dungeon (7/15)
 Temple: D:4-7

Altars:
Dithmenos
Elyvilon
Fedhas
Makhleb
Okawaru
Qazlal
Sif Muna
Trog
Wu Jian
Xom
Zin
The Shining One

Shops:
D:3 *   D:6 *

Annotations:
D:7 1 transporter, Maurice, Menkaure


Innate Abilities, Weirdness & Mutations

Armour fits poorly on your strangely shaped body.
You have extremely tough skin. (AC +3)
You have a long armoured tail.
You regenerate magic and health when rolling toward enemies. (Rampage Regen)


Message History

You feel your power leaking away. Maurice drains your magic.
You now have 62/76 hp.
You thump Maurice! You freeze Maurice.
Maurice is severely wounded.
Maurice hits you but does no damage.
You feel drained. Maurice closely misses you. The iguana completely misses you.
The bullfrog completely misses you.
You regained 2 hp, and now have 64/75 hp.
You sock Maurice! You freeze Maurice.
Maurice is almost dead.
The bullfrog hits you. The iguana closely misses you.
Maurice mumbles some strange words.
Maurice flickers and vanishes!
Deactivating autopickup; reactivate with Ctrl-A.
A gnoll comes into view. It is wielding a +0 spear.
The bullfrog hits you.
You hear some strange, mumbled words.
The iguana bites you.
The gnoll moves out of view.
You take 5 damage, and have 59/75 hp.
You regained 2 mp, and now have 7/9 mp.
You bludgeon the bullfrog!!
The bullfrog seems to slow down.
You freeze the bullfrog.
You kill the bullfrog!
Trog accepts your kill. The iguana closely misses you. The iguana misses you.
Your Fighting skill increases to level 8!
You regained 2 hp, and now have 61/77 hp.
You hit the iguana. You freeze the iguana.
The iguana is moderately wounded.
The iguana closely misses you. The gnoll closely misses you.
The iguana attacks as it pursues you! The iguana closely misses you.
The gnoll attacks as it pursues you! The gnoll barely misses you.
The iguana bites you.
You take 1 damage, and have 61/77 hp.
MP restored: 9 The gnoll closely misses you.
You sock the iguana! You freeze the iguana.
The iguana is almost dead.
The iguana closely misses you.
The gnoll hits you from afar with a +0 spear.
The iguana barely misses you.
You take 3 damage, and have 59/77 hp.
You thump the iguana!
The iguana seems to slow down.
You freeze the iguana.
You kill the iguana!
Trog accepts your kill. The gnoll hits you but does no damage.
The gnoll hits you from afar with a +0 spear.
Something hits you.
Something steals 82 gold pieces!
You now have 0 gold pieces.
You feel drained. Something bites you.
You feel your power leaking away. Something drains your magic.
You take 15 damage, and have 44/76 hp.
You now have 7/9 mp.
You barely miss something.
The gnoll hits you from afar with a +0 spear.
Something hits you.
Something grunts, "Curses!"
You feel drained. Something bites you.
You feel your power leaking away. Something drains your magic.
The gnoll misses you.
You take 13 damage, and have 31/74 hp.
You now have 4/9 mp.
You hit something. You freeze something. Something hits you but does no damage.
You feel drained. Something bites you but does no damage.
The gnoll closely misses you. Something hits you.
Something grunts, "Curses!"
You feel drained. Something bites you.
* * * LOW HITPOINT WARNING * * *
You feel your power leaking away. Something drains your magic.
You take 11 damage, and have 20/72 hp.
You now have 2/9 mp.
You miss something.
Your tail-slap misses something.
The gnoll hits you from afar with a +0 spear.
* * * LOW HITPOINT WARNING * * *
Something hits you but does no damage.
You feel drained. Something bites you but does no damage.
The gnoll barely misses you. Something hits you but does no damage.
You feel drained. Something bites you but does no damage.
You take 2 damage, and have 18/70 hp.
It was a potion of berserk rage.
You're still recovering from your berserk rage.
The gnoll hits you but does no damage. Something hits you.
* * * LOW HITPOINT WARNING * * *
Something groans, "What are you, a monk?"
You feel drained. Something bites you but does no damage.
You take 6 damage, and have 12/68 hp.
It was a potion of degeneration.
There was something very wrong with that liquid.
You feel weakened.
You feel dopey.
You feel clumsy.
The gnoll hits you from afar with a +0 spear.
* * * LOW HITPOINT WARNING * * *
Something hits you.
* * * LOW HITPOINT WARNING * * *
Something groans, "What are you, a monk?"
You feel drained.
* * * LOW HITPOINT WARNING * * *
Something completely misses you. The gnoll closely misses you.
Something hits you.
* * * LOW HITPOINT WARNING * * *
Something grunts, "Curses!"
You feel drained.
You die...

.###.##...######.........####.
..#...........##.........# ..
....##..#<................ ..
...#.####....##........ ###.##
##.### #....# # #..### #.....#
#.#...###>.....#
###....#........
#...#.@{........
....#.####g†...... #####..
####..... ... <... ... ... ...
.. .


You could see a gnoll.

Vanquished Creatures
  Pikel (D:6)
  Joseph (D:7)
  2 raiju (D:7)
  2 water moccasins
  An ice beast (D:5)
  2 orc warriors (D:6)
  An ogre (D:6)
  A lemure (D:6)
  A bullfrog (D:7)
  3 scorpions
  6 electric eels (D:7)
  2 howler monkeys
  3 bombardier beetles
  3 hounds
  A jelly (D:6)
  Crazy Yiuf (D:2)
  3 orc priests
  2 sleepcaps
  An iron imp (D:3)
  9 iguanas
  Ijyb (D:3)
  Terence (D:2)
  8 orc wizards
  9 adders
  7 gnolls
  4 white imps
  An ufetubus (D:4)
  3 dart slugs
  2 ribbon worms
  21 orcs
  6 ball pythons
  7 bats
  9 endoplasms
  2 giant cockroaches
  2 goblins (D:4)
  8 hobgoblins
  12 jackals
  9 kobolds
  4 quokkas
  3 frilled lizards
  4 rats
169 creatures vanquished.

Vanquished Creatures (others)
  An angel (D:5)
  A scorpion (D:5)
2 creatures vanquished.

Grand Total: 171 creatures vanquished

Notes
Turn   | Place    | Note
-------+----------+-------------------------------------------
     0 | D:1      | gimp the Armataur Berserker began the quest for the Orb.
     0 | D:1      | Reached XP level 1. HP: 18/18 MP: 1/1
   137 | D:1      | Reached XP level 2. HP: 25/25 MP: 2/2
   261 | D:1      | Reached skill level 3 in Axes
   575 | D:2      | Reached XP level 3. HP: 31/31 MP: 3/3
   623 | D:2      | HP: 1/31 [poisoned by an adder]
   792 | D:2      | Reached XP level 4. HP: 38/38 MP: 4/4
  1086 | D:2      | Found a runed translucent door.
  1087 | D:2      | Noticed Crazy Yiuf
  1175 | D:2      | Noticed Terence
  1188 | D:2      | Killed Terence
  1243 | D:2      | Reached ** piety under Trog
  1426 | D:2      | Killed Crazy Yiuf
  1427 | D:2      | Reached skill level 4 in Axes
  1427 | D:2      | Reached XP level 5. HP: 38/46 MP: 0/5
  1431 | D:2      | Identified the +7 hammer of the Heart {freeze, rPois Dex+2}
  1562 | D:3      | Found a faded altar of an unknown god.
  1680 | D:3      | Found an iron altar of Okawaru.
  1731 | D:3      | Found a burning altar of Makhleb.
  1871 | D:3      | Noticed Ijyb
  1885 | D:3      | Killed Ijyb
  2041 | D:3      | Found Erhoce's Assorted Antiques.
  2311 | D:4      | Reached XP level 6. HP: 52/52 MP: 6/6
  2317 | D:4      | Reached skill level 5 in Axes
  2558 | D:4      | Found a shimmering blue altar of Sif Muna.
  2831 | D:3      | Found a white marble altar of Elyvilon.
  2838 | D:4      | Found a shadowy altar of Dithmenos.
  3079 | D:5      | Entered Level 5 of the Dungeon
  3091 | D:5      | Reached *** piety under Trog
  3112 | D:5      | Gained mutation: You regenerate magic and health when
                  | rolling toward enemies. (Rampage Regen) [Armataur growth]
  3112 | D:5      | Reached XP level 7. HP: 43/60 MP: 7/7
  3230 | D:5      | Found a blossoming altar of Fedhas.
  3241 | D:5      | Found a glowing golden altar of the Shining One.
  3346 | D:5      | Reached skill level 5 in Fighting
  3346 | D:5      | Reached skill level 6 in Axes
  3506 | D:5      | Found an ornate altar of the Wu Jian Council.
  3890 | D:5      | Noticed an angel
  3892 | D:5      | Found a shimmering altar of Xom.
  3892 | D:5      | Found a glowing silver altar of Zin.
  3949 | D:5      | Killed an angel
  4002 | D:6      | Reached XP level 8. HP: 56/70 MP: 8/8
  4064 | D:6      | Reached skill level 7 in Axes
  4210 | D:6      | Found a stormy altar of Qazlal.
  4345 | D:6      | Noticed Pikel
  4364 | D:6      | Killed Pikel
  4365 | D:6      | Reached skill level 8 in Axes
  4614 | D:6      | Found Cihat's Assorted Antiques.
  4626 | D:6      | Bought a spiked helmet for 228 gold pieces
  4626 | D:6      | Identified the +1 helmet "Piggue" {Str+5} (You bought it in
                  | a shop on level 6 of the Dungeon)
  4896 | D:6      | Found a bloodstained altar of Trog.
  4905 | D:6      | Reached XP level 9. HP: 77/78 MP: 9/9
  5611 | D:7      | Found a transporter.
  5613 | D:7      | Noticed Menkaure
  5615 | D:7      | Noticed Joseph
  5829 | D:7      | Reached skill level 9 in Axes
  6008 | D:7      | Killed Joseph
  6355 | D:7      | Noticed Maurice
  6359 | D:7      | Maurice stole a lightning rod (4/4)
  6360 | D:7      | Maurice stole a +0 hand axe
  6372 | D:7      | Something stole 82 gold
  6377 | D:7      | HP: 1/66 [something (6)]
  6377 | D:7      | Slain by Maurice

Illustrated notes

Levels and vault maps discovered:
D:1:      dpeg_arrival_lava_temple_mockup, layout_rooms
D:2:      layout_loops_ring, uniq_terence, uniq_crazy_yiuf_cottage
D:3:      layout_rooms, demons_altar, okawaru_trees_1,
          nicolae_overflow_ecumenical_swirl, serial_shops,
          nicolae_shop_tiny_real_fake_doors, uniq_ijyb
D:4:      kennysheep_spiral_hall, layout_rooms, lemuel_blue_sif_altar,
          old_standard_altar, serial_demonic, serial_demonic_g,
          serial_demonic_g, serial_demonic_d, serial_demonic_b
D:5:      layout_loops_ring, grunt_temple_overflow_order_and_chaos_1,
          nicolae_wu_jian_immortal_techniques, nicolae_overflow_squiral
D:6:      layout_basic, kennysheep_mini_moat, trog_butcher_becter, serial_shops,
          shop, minmay_misc_feat_hallway, uniq_pikel
D:7:      gammafunk_beogh_shrine, layout_cave_pools, marbit_many_paths,
          temple_doors_cd, nicolae_have_a_lightning_rod, uniq_menkaure,
          uniq_joseph, uniq_maurice

Skill      XL: |  1  2  3  4  5  6  7  8  9 |
---------------+----------------------------+-----
Fighting       | 3 4 5 6 8 |  8.0
Axes           | 3 4 5 6 8 9 |  9.9
Armour         | |  2.4
Dodging        | |  1.3

Action                     |  1- 3 |  4- 6 |  7- 9 || total
---------------------------+-------+-------+-------++-------
  Melee: Hand axe          |    62 |    10 |       ||    72
         Tailslap          |     8 |    17 |    24 ||    49
         War axe           |       |    34 |       ||    34
         Mace              |       |   106 |   196 ||   302
 Invoke: Berserk           |     5 |     6 |     7 ||    18
  Evoke: Wand              |       |       |     7 ||     7
    Use: Potion            |     1 |       |     2 ||     3
         Scroll            |       |       |     2 ||     2
   Stab: Sleeping          |       |     1 |       ||     1
 Armour: Animal skin       |    61 |    23 |       ||    84
         Chain mail        |       |   108 |   145 ||   253
         Ring mail         |       |       |    67 ||    67
  Dodge: Dodged            |    36 |    54 |    79 ||   169

Table legend: (Time is in decaauts)
 A = Elapsed time spent in this place.
 B = Non-inter-level travel time spent in this place.
 C = Inter-level travel time spent in this place.
 D = Time resting spent in this place.
 E = Time spent auto-exploring this place.
 F = Levels seen in this place.
 G = Mean time per level.
                   A        B        C        D        E       F      G
               +--------+--------+--------+--------+--------+-----+--------+
         Total |   6602 |   6412 |    190 |    692 |   4499 |   7 |  943.1 |
       Dungeon |   6602 |   6412 |    190 |    692 |   4499 |   7 |  943.1 |
               +--------+--------+--------+--------+--------+-----+--------+

Top non-repeatable levels by time:
     D:6: 1477 daAuts
     D:2: 991 daAuts
     D:7: 983 daAuts
     D:4: 885 daAuts
     D:5: 830 daAuts
     D:3: 829 daAuts
     D:1: 606 daAuts
